 Dungeon Crawl Stone Soup version 0.25-a0-972-g74ed164fb1 (webtiles) character file.

Game seed: 3854216823002868463, levelgen mode: deterministic

746 Chiseanne the Skirmisher (level 7, -6/57 HPs)
             Began as a Demonspawn Wanderer on May 8, 2020.
             Splashed by Pikel's acid (11 damage)
             ... on level 5 of the Dungeon.
             The game lasted 00:09:22 (4933 turns).

Chiseanne the Skirmisher (Demonspawn Wanderer)      Turns: 4933, Time: 00:09:23

Health: -6/57      AC: 15    Str: 11    XL:     7   Next: 48%
Magic:  7/7        EV:  3    Int: 19    God:
Gold:   169        SH:  0    Dex: 10    Spells: 6/6 levels left

rFire    + . .     SeeInvis .   a - +2 short sword (venom)
rCold    . . .     Gourm    .   (no shield)
rNeg     . . .     Faith    .   e - +0 plate armour
rPois    .         Spirit   .   i - +0 helmet
rElec    .         Reflect  .   g - +1 cloak
rCorr    .         Harm     .   B - +1 pair of gloves
MR       .....                  (no boots)
Stlth    ..........             s - amulet of the acrobat
HPRegen  0.19/turn              q - ring of protection from fire
MPRegen  0.10/turn              (no ring)

@: corroded, sanguine armour
A: talons 2, spiny 1, sanguine armour 1
a: no special abilities


You were on level 5 of the Dungeon.
You were near starving.

You visited 1 branch of the dungeon, and saw 5 of its levels.

You collected 169 gold pieces.

Inventory:

Hand Weapons
 a - a +2 short sword of venom (weapon)
 m - a +0 hunting sling
 w - a +2 hand crossbow
Missiles
 b - 43 bolts
 d - 18 poisoned darts
 j - 217 stones (quivered)
 p - 20 arrows
 r - 51 sling bullets
 y - 3 boomerangs
Armour
 e - a +0 plate armour (worn)
 g - a +1 cloak (worn)
 i - a +0 helmet (worn)
 B - a +1 pair of gloves (worn)
Jewellery
 q - a ring of protection from fire (left hand)
 s - an amulet of the acrobat (around neck)
 x - an uncursed ring of see invisible
Scrolls
 h - a scroll of immolation
 n - a scroll of amnesia
 t - a scroll of identify
 A - a scroll of fear
Potions
 c - 8 potions of curing
 k - 2 potions of invisibility
 l - 3 potions of haste
 u - a potion of heal wounds
 z - a potion of might
Comestibles
 f - 10 rations


   Skills:
 * Level 5.8 Fighting
 - Level 1.7 Crossbows
 - Level 1.0 Throwing
 * Level 3.7 Armour
 * Level 4.3 Dodging
   Level 1.0 Shields
   Level 1.7 Translocations
   Level 1.0 Poison Magic


You had 6 spell levels left.
You didn't know any spells.
Your spell library contained the following spells:

 Spells                   Type           Power        Failure   Level  Hunger
 Animate Skeleton         Necr           N/A          100%        1    ##.....
 Corona                   Hex            #......      100%        1    ##.....
 Pain                     Necr           #...         100%        1    ##.....
 Ensorcelled Hibernation  Hex/Ice        #.....       100%        2    ###....
 Confusing Touch          Hex            #.......     100%        3    ####...
 Dazzling Flash           Conj/Hex       #.....       100%        3    ####...
 Tukima's Dance           Hex            #.......     100%        3    ####...
 Vampiric Draining        Necr           #.........   100%        3    ####...
 Animate Dead             Necr           N/A          100%        4    #####..
 Agony                    Necr           #.......     100%        5    ######.


Dungeon Overview and Level Annotations

Branches:
Dungeon (5/15)
 Temple: D:4-7

Altars:
Ashenzari
Elyvilon
Hepliaklqana
Nemelex Xobeh
Qazlal
Ru
Xom
Yredelemnul
The Shining One

Annotations:
D:5 Pikel


Innate Abilities, Weirdness & Mutations

You have razor-sharp toenails.
You are partially covered in sharp spines.
When seriously injured, your bleeding wounds create armour. (AC +6)


Message History

Pikel hits you with a +0 whip of flaming.
Pikel burns you.
You closely miss Pikel.
Pikel is lightly wounded.
Pikel hits you but does no damage.
You hit Pikel but do no damage.
Pikel is poisoned.
You claw Pikel, but do no damage.
Pikel is lightly wounded.
The crimson imp laughs crazily.
Pikel zaps a wand.
The bolt of acid hits you!
* * * LOW HITPOINT WARNING * * *
The acid corrodes you!
You are splashed with acid!
* * * LOW HITPOINT WARNING * * *
You hit Pikel but do no damage.
Pikel looks as sick as possible!
Your kick misses Pikel.
Pikel is moderately wounded.
The slave looks more healthy.
Pikel zaps a wand.
The bolt of acid hits you.
* * * LOW HITPOINT WARNING * * *
The acid corrodes you!
You are splashed with acid!
You die...

#.........####
........######..[.##
.......# #....# ......#
#....# .....#
#....#####
.p5.######....'...#
ppp#...##....###.#
#K##...###+#...#.#
#@.#...# #.#.#.#.#
##.#...###.[.#.#.#
###.##.#...##......#.#
............##......#.#
#######......'......#.#
.......####......#.#
###..............#.#
..................#
.......#####.#######


You could see Pikel (extremely poisoned), 4 slaves and a crimson imp.

Vanquished Creatures
  A phantom (D:4)
  A black bear (D:4)
  An ogre (D:4)
  A howler monkey (D:5)
  A bullfrog zombie (D:2)
  2 jellies (D:5)
  A bullfrog skeleton (D:4)
  3 orc priests
  3 orc wizards
  Robin (D:2)
  2 adders
  An ooze (D:4)
  3 worms (D:3)
  2 dart slugs
  5 leopard geckos
  10 orcs
  12 giant cockroaches
  12 goblins
  10 hobgoblins
  A quokka (D:4)
  5 bats
  3 frilled lizards
  9 kobolds
  A leopard gecko skeleton (D:4)
  8 rats
99 creatures vanquished.

Notes
Turn   | Place    | Note
-------+----------+-------------------------------------------
     0 | D:1      | Chiseanne the Demonspawn Wanderer began the quest for the
                  | Orb.
     0 | D:1      | Chiseanne set off with the following items: a +2 hand
                  | crossbow, 23 bolts, 2 potions of curing, a +0 robe, a
                  | ration
     0 | D:1      | Reached XP level 1. HP: 18/18 MP: 1/1
   206 | D:1      | Reached skill level 1 in Dodging
   206 | D:1      | Gained mutation: When seriously injured, your bleeding
                  | wounds create armour. (AC +6) [demonic ancestry]
   206 | D:1      | Reached XP level 2. HP: 2/24 MP: 2/2
  1418 | D:2      | Noticed Robin
  1430 | D:1      | Gained mutation: You are partially covered in sharp spines.
                  | [demonic ancestry]
  1430 | D:1      | Reached XP level 3. HP: 15/29 MP: 3/3
  1732 | D:2      | Killed Robin
  2115 | D:2      | Found a stormy altar of Qazlal.
  2140 | D:2      | Reached skill level 4 in Fighting
  2140 | D:2      | Reached XP level 4. HP: 37/37 MP: 4/4
  2459 | D:3      | Reached skill level 1 in Armour
  2532 | D:3      | Found a white marble altar of Elyvilon.
  2699 | D:3      | Found a shimmering altar of Xom.
  2703 | D:3      | Found a hazy altar of Hepliaklqana.
  2704 | D:3      | Noticed a spectral ugly thing
  3068 | D:3      | Reached XP level 5. HP: 31/43 MP: 5/5
  3566 | D:4      | Found a sacrificial altar of Ru.
  3637 | D:4      | Gained mutation: You have sharp toenails. [demonic
                  | ancestry]
  3637 | D:4      | Reached XP level 6. HP: 44/50 MP: 6/6
  3789 | D:4      | Reached skill level 5 in Fighting
  3872 | D:4      | Found a glowing golden altar of the Shining One.
  3948 | D:4      | Found a sparkling altar of Nemelex Xobeh.
  4043 | D:4      | Found a shattered altar of Ashenzari.
  4113 | D:4      | Gained mutation: You have razor-sharp toenails. [demonic
                  | ancestry]
  4113 | D:4      | Reached XP level 7. HP: 35/56 MP: 7/7
  4646 | D:4      | Found a basalt altar of Yredelemnul.
  4648 | D:4      | Noticed a profane servitor
  4707 | D:5      | Entered Level 5 of the Dungeon
  4923 | D:5      | Noticed Pikel
  4933 | D:5      | Splashed by Pikel's acid

Illustrated notes

Levels and vault maps discovered:
D:1:      dpeg_arrival_windows_large_door, layout_loops_ring
D:2:      layout_loops_ring, nicolae_qazlal_general_emergency, first_ration,
          uniq_robin
D:3:      minmay_roachtagon, layout_loops_ring, regret_index_temple_of_mockery,
          elyvilon_altar_5, roderic_serpentine_path
D:4:      cheibrodos_old_hovel, layout_loops_ring,
          grunt_temple_overflow_holy_war, nemelex_xobeh_ov_fountains_minmay,
          nicolae_ru_great_annihilating_truth, cheibrodos_ashenzari_chains
D:5:      layout_basic, uniq_pikel

Skill      XL: |  1  2  3  4  5  6  7 |
---------------+----------------------+-----
Dodging        | 1 2 3 4 |  4.3
Fighting       | 4 5 |  5.8
Armour         | 1 2 3 |  3.7
Crossbows      | |  1.7
Throwing       | |  1.0
Shields        | |  1.0
Translocations | |  1.7
Poison Magic   | |  1.0

Action                   |  1- 3 |  4- 6 |  7- 9 || total
-------------------------+-------+-------+-------++-------
Melee: Short sword       |    80 |   129 |    43 ||   252
       Kick              |       |     5 |     4 ||     9
 Fire: Hand crossbow     |    14 |       |    12 ||    26
  Use: Scroll            |     6 |     7 |     4 ||    17
 Stab: Paralysed         |       |     1 |       ||     1
  Eat: Chunk             |     4 |     6 |     1 ||    11
Armor: Robe              |    13 |       |       ||    13
       Plate armour      |    29 |    97 |    24 ||   150
Dodge: Dodged            |    45 |    33 |     8 ||    86

Table legend:
 A = Non-vault XP
 B = Vault XP
 C = Vault XP percentage of total XP
 D = Non-vault monster count
 E = Vault monster count
 F = Vault count percentage of total count
                 A         B        C        D         E       F
            +---------+---------+-------+---------+---------+-------
      Total |    1003 |      63 |   5.9 |      73 |      26 |  26.3
            +---------+---------+-------+---------+---------+-------
        D:1 |      36 |       4 |  10.0 |      21 |       2 |   8.7
        D:2 |      70 |      33 |  32.0 |       9 |      10 |  52.6
        D:3 |     186 |      18 |   8.8 |      27 |       9 |  25.0
        D:4 |     559 |       8 |   1.4 |      12 |       5 |  29.4
        D:5 |     152 |       0 |   0.0 |       4 |       0 |   0.0
            +---------+---------+-------+---------+---------+-------
